3L
PORTLAND EVERGREENS @ PHILADELPHIA 1776 BC
09/30/2028
 
TOP OF THE 1ST
Portland Evergreens batting - Pitching for Philadelphia 1776 BC : LHP Raúl Melro
Pitching: LHP Raúl Melro
Batting: RHB Silvio Bonauiti 0-0: Swinging Strike
0-1: Called Strike
0-2: Foul Ball, location: 2F
0-2: Foul Ball, location: 2F
0-2: Ball
1-2: Strikes out looking
Batting: LHB Clay Rush 0-0: Foul Ball, location: 2F
0-1: Foul Ball, location: 2F
0-2: Ball
1-2: Foul Ball, location: 2F
1-2: Strikes out swinging
Batting: LHB John Ennis 0-0: Foul Ball, location: 2F
0-1: Ground out 3-1 (Groundball, 34)
Top of the 1st over - 0 run(s), 0 hit(s), 0 error(s), 0 left on base; Portland 0 - Philadelphia 1776 0
BOTTOM OF THE 1ST
Philadelphia 1776 BC batting - Pitching for Portland Evergreens : RHP Roberto Calderón
Pitching: RHP Roberto Calderón
Batting: LHB Tony Vega 0-0: Foul Ball, location: 2F
0-1: SINGLE (Line Drive, 8LS)
Batting: RHB Jesús Orozco 0-0: Called Strike
0-1: Ball
1-1: Ball
2-1: Foul Ball, location: 2F
2-2: Ball
3-2: Base on Balls
Tony Vega to second
Batting: LHB Manoo Satyavrat 0-0: Ball
1-0: Ball
2-0: Called Strike
2-1: Fly out, F3 (Line Drive, 3L)
Lined into DP, U3 (Line Drive, 3L)
Batting: LHB Héctor Torres 0-0: Ball
1-0: Ball
2-0: Foul Ball, location: 2F
2-1: Fly out, F4 (Popup, 4D)
Bottom of the 1st over - 0 run(s), 1 hit(s), 0 error(s), 1 left on base; Portland 0 - Philadelphia 1776 0
TOP OF THE 2ND
Portland Evergreens batting - Pitching for Philadelphia 1776 BC : LHP Raúl Melro
Batting: LHB Chris Payling 0-0: Foul Ball, location: 2F
0-1: Swinging Strike
0-2: Ball
1-2: Strikes out swinging
Batting: LHB Adrián Gómez 0-0: Ball
1-0: Called Strike
1-1: Swinging Strike
1-2: Hit by Pitch
Batting: RHB Ty Struck 0-0: Foul Ball, location: 2F
0-1: Foul Ball, location: 2F
0-2: Strikes out swinging
Batting: LHB Charles Mathes 0-0: Fly out, F2 (Popup, 3S)
Top of the 2nd over - 0 run(s), 0 hit(s), 0 error(s), 1 left on base; Portland 0 - Philadelphia 1776 0
BOTTOM OF THE 2ND
Philadelphia 1776 BC batting - Pitching for Portland Evergreens : RHP Roberto Calderón
Batting: SHB Sam Quint 0-0: Called Strike
0-1: Swinging Strike
0-2: Ball
1-2: Foul Ball, location: 2F
1-2: Reached on error, E1 (Groundball, 15S)
Batting: RHB John Schnatter 0-0: Called Strike
0-1: Ball
1-1: Ball
2-1: Foul Ball, location: 2F
2-2: Ball
3-2: DOUBLE (Line Drive, 7LD)
Sam Quint to third
Batting: LHB Jeff Rutherford 0-0: Swinging Strike
0-1: Ball
1-1: Foul Ball, location: 2F
1-2: Ball
2-2: Foul Ball, location: 2F
2-2: Foul Ball, location: 2F
2-2: Foul Ball, location: 2F
2-2: Foul Ball, location: 2F
2-2: Ball
3-2: Fly out, F8 (Flyball, 8RD)
Runner from 3rd tags up, SCORES, no throw
Batting: SHB Jesús Cabañe 0-0: Foul Ball, location: 2F
0-1: Ball
1-1: Ball
2-1: Fly out, F8 (Flyball, 8RM)
Batting: RHB Patrizio Vanali 0-0: SINGLE (Groundball, 34D)
John Schnatter to third
Runner from 3rd tries for Home, SAFE, no throw
Batting: LHB Tony Vega 0-0: Called Strike
0-1: Ball
1-1: DOUBLE (Flyball, 78XD)
Patrizio Vanali to third
Batting: RHB Jesús Orozco 0-0: Swinging Strike
0-1: Foul Ball, location: 2F
0-2: Foul Ball, location: 2F
0-2: Ground out 4-3 (Groundball, 4S)
Bottom of the 2nd over - 2 run(s), 3 hit(s), 1 error(s), 2 left on base; Portland 0 - Philadelphia 1776 2
TOP OF THE 3RD
Portland Evergreens batting - Pitching for Philadelphia 1776 BC : LHP Raúl Melro
Batting: RHB Bubba Blevins 0-0: Called Strike
0-1: Ball
1-1: Ball
2-1: TRIPLE (Line Drive, 3L)
Batting: LHB Gabriel Díaz 0-0: Ball
1-0: Ground out 4-3 (Groundball, 4)
Bubba Blevins scores
Batting: RHB Silvio Bonauiti 0-0: Called Strike
0-1: Foul Ball, location: 2F
0-2: Ball
1-2: Ball
2-2: Ball
3-2: Base on Balls
Batting: LHB Clay Rush 0-0: Called Strike
0-1: Foul Ball, location: 2F
0-2: Ball
1-2: Grounds into double play, 1-6-3 (Groundball, 13)
Top of the 3rd over - 1 run(s), 1 hit(s), 0 error(s), 0 left on base; Portland 1 - Philadelphia 1776 2
BOTTOM OF THE 3RD
Philadelphia 1776 BC batting - Pitching for Portland Evergreens : RHP Roberto Calderón
Batting: LHB Manoo Satyavrat 0-0: Called Strike
0-1: Ball
1-1: Foul Ball, location: 2F
1-2: Strikes out swinging
Batting: LHB Héctor Torres 0-0: SINGLE (Groundball, 6MD)
Batting: SHB Sam Quint 0-0: Foul Ball, location: 2F
0-1: Ball
1-1: Ball
2-1: Called Strike
2-2: SINGLE (Groundball, 6M) (infield hit)
Héctor Torres to second
Batting: RHB John Schnatter 0-0: Fly out, F9 (Flyball, 9)
Batting: LHB Jeff Rutherford 0-0: Called Strike
0-1: Called Strike
0-2: Ball
1-2: Ball
2-2: Foul Ball, location: 2F
2-2: Ball
3-2: Strikes out swinging
Bottom of the 3rd over - 0 run(s), 2 hit(s), 0 error(s), 2 left on base; Portland 1 - Philadelphia 1776 2
TOP OF THE 4TH
Portland Evergreens batting - Pitching for Philadelphia 1776 BC : LHP Raúl Melro
Batting: LHB John Ennis 0-0: Ball
1-0: Fly out, F7 (Flyball, 7S)
Batting: LHB Chris Payling 0-0: SINGLE (Groundball, 4MD)
Batting: LHB Adrián Gómez 0-0: Called Strike
0-1: Ball
1-1: Swinging Strike
1-2: Foul Ball, location: 2F
1-2: Fly out, F5 (Popup, 56)
Batting: RHB Ty Struck 0-0: Ball
1-0: Called Strike
1-1: Ball
2-1: Swinging Strike
2-2: Foul Ball, location: 2F
2-2: Ball
3-2: Foul Ball, location: 2F
3-2: Foul Ball, location: 2F
3-2: Strikes out looking
Top of the 4th over - 0 run(s), 1 hit(s), 0 error(s), 1 left on base; Portland 1 - Philadelphia 1776 2
BOTTOM OF THE 4TH
Philadelphia 1776 BC batting - Pitching for Portland Evergreens : RHP Roberto Calderón
Batting: SHB Jesús Cabañe 0-0: Foul Ball, location: 2F
0-1: Ball
1-1: Foul Ball, location: 2F
1-2: Ground out U3 (Groundball, 3)
Batting: RHB Patrizio Vanali 0-0: Ball
1-0: Ball
2-0: Ball
3-0: Called Strike
3-1: DOUBLE (Line Drive, 89D)
Batting: LHB Tony Vega 0-0: Intentional Walk
Batting: RHB Jesús Orozco 0-0: Ball
1-0: Ball
2-0: Called Strike
2-1: Foul Ball, location: 2F
2-2: Ball
3-2: DOUBLE (Line Drive, 7LM)
Patrizio Vanali scores
Tony Vega to third
Runner from 3rd tries for Home, SAFE, no throw
Batting: LHB Manoo Satyavrat 0-0: Intentional Walk
Batting: LHB Héctor Torres 0-0: Called Strike
0-1: Foul Ball, location: 2F
0-2: Ball
1-2: Fly out, F9 (Flyball, 9D)
Runner from 2nd tags up, SAFE at 3rd, no throw
Batting: SHB Sam Quint 0-0: Called Strike
Manoo Satyavrat steals 2nd base
0-1: Swinging Strike
0-2: Ball
1-2: Fly out, F8 (Line Drive, 8RXD)
Bottom of the 4th over - 2 run(s), 2 hit(s), 0 error(s), 2 left on base; Portland 1 - Philadelphia 1776 4
TOP OF THE 5TH
Portland Evergreens batting - Pitching for Philadelphia 1776 BC : LHP Raúl Melro
Batting: LHB Charles Mathes 0-0: Ball
1-0: Fly out, F8 (Flyball, 8RS)
Batting: RHB Bubba Blevins 0-0: Swinging Strike
0-1: Ball
1-1: Called Strike
1-2: Foul Ball, location: 2F
1-2: Strikes out swinging
Batting: LHB Gabriel Díaz 0-0: Foul Ball, location: 2F
0-1: Swinging Strike
0-2: Foul Ball, location: 2F
0-2: Strikes out swinging
Top of the 5th over - 0 run(s), 0 hit(s), 0 error(s), 0 left on base; Portland 1 - Philadelphia 1776 4
BOTTOM OF THE 5TH
Philadelphia 1776 BC batting - Pitching for Portland Evergreens : RHP Roberto Calderón
Batting: RHB John Schnatter 0-0: Called Strike
0-1: Fly out, F9 (Flyball, 9S)
Batting: LHB Jeff Rutherford 0-0: Ball
1-0: Foul Ball, location: 2F
1-1: Foul Ball, location: 2F
1-2: Ground out 6-3 (Groundball, 6)
Batting: SHB Jesús Cabañe 0-0: Ball
1-0: Swinging Strike
1-1: Ball
2-1: Called Strike
2-2: Foul Ball, location: 2F
2-2: Ball
3-2: Foul Ball, location: 2F
3-2: Ground out 3-1 (Groundball, 34)
Bottom of the 5th over - 0 run(s), 0 hit(s), 0 error(s), 0 left on base; Portland 1 - Philadelphia 1776 4
TOP OF THE 6TH
Portland Evergreens batting - Pitching for Philadelphia 1776 BC : LHP Raúl Melro
Batting: RHB Silvio Bonauiti 0-0: Called Strike
0-1: Called Strike
0-2: Strikes out swinging
Batting: LHB Clay Rush 0-0: Ball
1-0: Ball
2-0: Called Strike
2-1: Ball
3-1: Base on Balls
Batting: LHB John Ennis 0-0: Ball
1-0: Foul Ball, location: 2F
1-1: Ball
2-1: Foul Ball, location: 2F
2-2: Ball
3-2: Fly out, F8 (Flyball, 8LS)
Batting: LHB Chris Payling 0-0: Called Strike
0-1: Fly out, F7 (Flyball, 78S)
Top of the 6th over - 0 run(s), 0 hit(s), 0 error(s), 1 left on base; Portland 1 - Philadelphia 1776 4
BOTTOM OF THE 6TH
Philadelphia 1776 BC batting - Pitching for Portland Evergreens : RHP Roberto Calderón
Batting: RHB Patrizio Vanali 0-0: Ball
1-0: Fly out, F9 (Flyball, 9)
Batting: LHB Tony Vega 0-0: Ball
1-0: Foul Ball, location: 2F
1-1: Fly out, F6 (Popup, 6)
Batting: RHB Jesús Orozco 0-0: Ball
1-0: Foul Ball, location: 2F
1-1: Foul Ball, location: 2F
1-2: Ball
2-2: Foul Ball, location: 2F
2-2: Ball
3-2: SINGLE (Groundball, 4MS) (infield hit)
Pitching: LHP Walt Cooley
Batting: LHB Manoo Satyavrat 0-0: Fly out, F3 (Popup, 3L)
Bottom of the 6th over - 0 run(s), 1 hit(s), 0 error(s), 1 left on base; Portland 1 - Philadelphia 1776 4
TOP OF THE 7TH
Portland Evergreens batting - Pitching for Philadelphia 1776 BC : LHP Raúl Melro
Batting: LHB Adrián Gómez 0-0: Ball
1-0: Fly out, F4 (Line Drive, 4)
Batting: RHB Ty Struck 0-0: Ball
1-0: Swinging Strike
1-1: Ball
2-1: Foul Ball, location: 2F
2-2: Strikes out swinging
Batting: LHB Charles Mathes 0-0: Swinging Strike
0-1: Ground out 6-3 (Groundball, 6MS)
Top of the 7th over - 0 run(s), 0 hit(s), 0 error(s), 0 left on base; Portland 1 - Philadelphia 1776 4
BOTTOM OF THE 7TH
Philadelphia 1776 BC batting - Pitching for Portland Evergreens : LHP Walt Cooley
Batting: LHB Héctor Torres 0-0: DOUBLE (Flyball, 89D)
Batting: SHB Sam Quint 0-0: Swinging Strike
0-1: Ball
1-1: Ball
2-1: Foul Ball, location: 2F
2-2: Foul Ball, location: 2F
2-2: Fly out, F9 (Line Drive, 89M)
Batting: RHB John Schnatter 0-0: Intentional Walk
Batting: LHB Jeff Rutherford 0-0: Called Strike
0-1: Ball
1-1: Called Strike
1-2: Ball
2-2: Fly out, F7 (Flyball, 7LM)
Batting: SHB Jesús Cabañe 0-0: Ball
Passed Ball!
Héctor Torres to third
John Schnatter to second
1-0: Intentional Walk
Pinch Hitting: RHB Fernando Rivera 0-0: Ball
1-0: Called Strike
1-1: SINGLE (Groundball, 56D)
Héctor Torres scores
John Schnatter to third
Jesús Cabañe to second
Runner from 3rd tries for Home, SAFE, no throw
Batting: LHB Tony Vega 0-0: Foul Ball, location: 2F
0-1: Ball
1-1: Ball
2-1: Foul Ball, location: 2F
2-2: Foul Ball, location: 2F
2-2: Ball
3-2: Fly out, F8 (Flyball, 8LD)
Bottom of the 7th over - 2 run(s), 2 hit(s), 0 error(s), 2 left on base; Portland 1 - Philadelphia 1776 6
TOP OF THE 8TH
Portland Evergreens batting - Pitching for Philadelphia 1776 BC : LHP Raúl Melro
Now at 3B: Fernando Rivera
Batting: RHB Bubba Blevins 0-0: Foul Ball, location: 2F
0-1: Ball
1-1: Ball
2-1: Ball
3-1: Foul Ball, location: 2F
3-2: Fly out, F8 (Flyball, 89S)
Batting: LHB Gabriel Díaz 0-0: Ball
1-0: Called Strike
1-1: Ground out 4-3 (Groundball, 4)
Batting: RHB Silvio Bonauiti 0-0: Ball
1-0: Called Strike
1-1: Called Strike
1-2: Ball
2-2: Ball
3-2: Base on Balls
Pitching: RHP Bill Maddox
Batting: LHB Clay Rush 0-0: Foul Ball, location: 2F
0-1: Ball
1-1: Ball
2-1: Ball
3-1: Foul Ball, location: 2F
3-2: Foul Ball, location: 2F
3-2: SINGLE (Line Drive, 4MD)
Silvio Bonauiti to second
Silvio Bonauiti to third
Batting: LHB John Ennis 0-0: Called Strike
0-1: Ball
1-1: Fielders Choice at 2nd, 6-4 (Groundball, 6)
Top of the 8th over - 0 run(s), 1 hit(s), 0 error(s), 1 left on base; Portland 1 - Philadelphia 1776 6
BOTTOM OF THE 8TH
Philadelphia 1776 BC batting - Pitching for Portland Evergreens : LHP Walt Cooley
Batting: RHB Jesús Orozco 0-0: Ball
1-0: Ground out 4-3 (Groundball, 4)
Batting: LHB Manoo Satyavrat 0-0: Foul Ball, location: 2F
0-1: Fly out, F7 (Flyball, 7LSF)
Batting: LHB Héctor Torres 0-0: Called Strike
0-1: Ball
1-1: Ball
2-1: Called Strike
2-2: Foul Ball, location: 2F
2-2: Foul Ball, location: 2F
2-2: Strikes out swinging
Bottom of the 8th over - 0 run(s), 0 hit(s), 0 error(s), 0 left on base; Portland 1 - Philadelphia 1776 6
TOP OF THE 9TH
Portland Evergreens batting - Pitching for Philadelphia 1776 BC : RHP Bill Maddox
Pitching: RHP Carlos Ramos
Batting: LHB Chris Payling 0-0: Ball
1-0: Ball
2-0: Ball
3-0: Fly out, F3 (Line Drive, 3S)
Batting: LHB Adrián Gómez 0-0: Ball
1-0: Ball
2-0: Called Strike
2-1: Ball
3-1: SINGLE (Groundball, 56D)
Batting: RHB Ty Struck 0-0: SINGLE (Groundball, 6MD)
Adrián Gómez to second
Batting: LHB Charles Mathes 0-0: Ball
1-0: Called Strike
1-1: Fielders Choice at 2nd, 4-6 (Groundball, 4)
Adrián Gómez to third
Batting: RHB Bubba Blevins 0-0: Called Strike
0-1: Fly out, F4 (Line Drive, 4)
Top of the 9th over - 0 run(s), 2 hit(s), 0 error(s), 2 left on base; Portland 1 - Philadelphia 1776 6
Friday, September 8th, 2017 - OOTP Baseball 17.12 Build 75